 Dungeon Crawl Stone Soup version 0.25-a0-578-gc91f01c39c (webtiles) character file.

Game seed: 16297258335837363732, levelgen mode: deterministic

322 Emblim88 the Skirmisher (level 6, -1/67 HPs)
             Began as a Troll Monk on Mar 4, 2020.
             Slain by an ogre
             ... wielding a +0 giant club
              (9 damage)
             ... on level 4 of the Dungeon.
             The game lasted 00:03:33 (2083 turns).

Emblim88 the Skirmisher (Troll Monk)                Turns: 2083, Time: 00:03:34

Health: -1/67      AC:  6    Str: 22    XL:     6   Next: 22%
Magic:  5/5        EV: 10    Int:  6    God:
Gold:   229        SH:  0    Dex: 12    Spells: 5/5 levels left

rFire    . . .     SeeInvis +     - Unarmed
rCold    . . .     Gourm    +   (no shield)
rNeg     . . .     Faith    .   a - +0 robe
rPois    .         Spirit   .   (helmet restricted)
rElec    .         Reflect  .   (no cloak)
rCorr    .         Harm     .   (gloves unavailable)
MR       .....                  (boots unavailable)
Stlth    ++........             (no amulet)
HPRegen  0.61/turn              k - ring of see invisible
MPRegen  0.09/turn              (no ring)

@: no status effects
A: large, unfitting armour, claws 3, fast metabolism 3, gourmand, regeneration
1, shaggy fur 1, tough skin 3
a: no special abilities


You were on level 4 of the Dungeon.
You were completely stuffed.

You visited 1 branch of the dungeon, and saw 4 of its levels.

You collected 229 gold pieces.

Inventory:

Missiles
 f - 41 poisoned darts (quivered)
Armour
 a - a +0 robe (worn)
Jewellery
 k - a ring of see invisible (left claw)
Scrolls
 d - 3 scrolls of remove curse {unknown}
 e - 5 scrolls of identify {unknown}
 i - a scroll of magic mapping {unknown}
 j - a scroll of enchant weapon {unknown}
 l - 2 scrolls of enchant armour {unknown}
 m - 2 scrolls of fog {unknown}
Potions
 g - 3 potions of stabbing {unknown}
 h - a potion of curing {unknown}
Comestibles
 b - 11 rations
 c - 11 chunks of flesh


   Skills:
 + Level 5.9 Fighting
 - Level 2.4 Dodging
 - Level 1.0 Stealth
 - Level 3.0 Unarmed Combat


You had 5 spell levels left.
You didn't know any spells.
Your spell library was empty.

Dungeon Overview and Level Annotations

Branches:
Dungeon (4/15)
 Temple: D:4-7

Altars:
Wu Jian

Shops:
D:4 [


Innate Abilities, Weirdness & Mutations

You are too large for most types of armour.
You have claws for hands.
Your metabolism is lightning-fast.
You like to eat raw meat.
Your natural rate of healing is unusually fast.
You are covered in fur. (AC +1)
You have extremely tough skin. (AC +3)


Message History

You are too injured to fight recklessly!
You are too injured to fight recklessly!
You are too injured to fight recklessly!
You are too injured to fight recklessly!
You are too injured to fight recklessly!
You claw the worm!
You kill the worm!
You see here a worm corpse.
You scratch the ogre.
The ogre is moderately wounded.
The ogre hits you with a +0 giant club!
* * * LOW HITPOINT WARNING * * *
You barely miss the ogre.
The ogre is moderately wounded.
The ogre hits you with a +0 giant club!
* * * LOW HITPOINT WARNING * * *
You barely miss the ogre.
The ogre is moderately wounded.
The ogre hits you with a +0 giant club!
You die...

#.....<####......
#####.....^# ......
#..........# ......
#.##.....#.####....O.
#.#...#.............
#.##..#.###........
(.##..... #....#### .#
#........##†...####...#
#.###....#.....O@...#
#.# #....#.########.#
#.# #...#. ..# #.# #.
#.# #.# .. #. #<# #.#
....#. #.#
..####...#######.##
....#.............######
..#.#...........)))....#


You could see an ogre.

Vanquished Creatures
  A bullfrog zombie (D:3)
  A hound (D:4)
  2 orc wizards
  8 adders
  An ooze (D:3)
  An adder skeleton (D:4)
  2 worms
  A dart slug (D:1)
  6 leopard geckos
  13 orcs
  5 ball pythons
  A giant cockroach (D:3)
  7 goblins
  8 hobgoblins
  9 jackals
  9 kobolds
  A quokka (D:3)
  5 bats
  8 frilled lizards
  7 rats
96 creatures vanquished.

Notes
Turn   | Place    | Note
-------+----------+-------------------------------------------
     0 | D:1      | Emblim88 the Troll Monk began the quest for the Orb.
     0 | D:1      | Reached XP level 1. HP: 22/22 MP: 0/0
    81 | D:1      | Reached skill level 3 in Fighting
    81 | D:1      | Reached XP level 2. HP: 31/31 MP: 1/1
   262 | D:1      | Reached XP level 3. HP: 34/37 MP: 2/2
   741 | D:2      | Found an ornate altar of the Wu Jian Council.
  1086 | D:2      | Reached skill level 4 in Fighting
  1115 | D:2      | Reached XP level 4. HP: 48/48 MP: 3/3
  1383 | D:3      | Reached XP level 5. HP: 52/55 MP: 4/4
  1424 | D:3      | Reached skill level 5 in Fighting
  1892 | D:4      | Found Ythos's Antique Armour Boutique.
  1974 | D:4      | Reached XP level 6. HP: 58/66 MP: 5/5
  2083 | D:4      | Slain by an ogre

Levels and vault maps discovered:
D:1:      co_arrival_random_square_maze, layout_rooms
D:2:      layout_loops_cross, nicolae_overflow_crystal_walls
D:3:      layout_basic
D:4:      layout_basic, nicolae_overflow_hidden_temple, old_standard_altar,
          serial_shops, shop

Skill      XL: |  1  2  3  4  5 |
---------------+----------------+-----
Fighting       | 3 4 5 |  5.9
Dodging        | |  2.4
Stealth        | |  1.0
Unarmed Combat | |  3.0

Action                   |  1- 3 |  4- 6 || total
-------------------------+-------+-------++-------
Melee: Unarmed           |   100 |   129 ||   229
       Punch             |       |     1 ||     1
Throw: Dart              |       |     3 ||     3
 Stab: Sleeping          |     4 |     2 ||     6
  Eat: Chunk             |    16 |     9 ||    25
Armor: Robe              |    42 |    48 ||    90
Dodge: Dodged            |    68 |    72 ||   140

Table legend:
 A = Non-vault XP
 B = Vault XP
 C = Vault XP percentage of total XP
 D = Non-vault monster count
 E = Vault monster count
 F = Vault count percentage of total count
                 A         B        C        D         E       F
            +---------+---------+-------+---------+---------+-------
      Total |     460 |       0 |   0.0 |      96 |       0 |   0.0
            +---------+---------+-------+---------+---------+-------
        D:1 |      48 |       0 |   0.0 |      27 |       0 |   0.0
        D:2 |      61 |       0 |   0.0 |      20 |       0 |   0.0
        D:3 |     183 |       0 |   0.0 |      28 |       0 |   0.0
        D:4 |     168 |       0 |   0.0 |      21 |       0 |   0.0
            +---------+---------+-------+---------+---------+-------
